 Dungeon Crawl Stone Soup version 0.22-a0-443-g17c3723 (webtiles) character file.

961 Gorglomux the Skirmisher (level 8, -10/52 HPs)
             Began as a Gargoyle Berserker on June 1, 2018.
             Was a Believer of Trog.
             Mangled by an orc warrior
             ... wielding a +0 halberd
              (16 damage)
             ... on level 6 of the Dungeon.
             The game lasted 00:02:43 (3959 turns).

Gorglomux the Skirmisher (Gargoyle Berserker)       Turns: 3959, Time: 00:02:44

Health: -10/52     AC:  8    Str: 21    XL:     8   Next: 15%
Magic:  8/8        EV: 12    Int:  9    God:    Trog [**....]
Gold:   96         SH:  0    Dex: 10    Spells: 7/7 levels left

rFire    . . .     SeeInvis .   a - +0 hand axe
rCold    . . .     Gourm    .   (no shield)
rNeg     + . .     Faith    .   b - +0 animal skin
rPois    ∞         Spirit   .   (no helmet)
rElec    +         Reflect  .   (no cloak)
rCorr    .         Harm     .   (no gloves)
MR       .....                  (no boots)
Stlth    +.........             (no amulet)
HPRegen  0.17/turn              (no ring)
MPRegen  0.11/turn              (no ring)

@: berserk cooldown, slowed, very slow
A: negative energy resistance 1, electricity resistance, unbreathing,
petrification resistance, rot immunity, AC +5
a: Berserk, Trog's Hand, Renounce Religion


You were on level 6 of the Dungeon.
You worshipped Trog.
Trog was pleased with you.
You were hungry.

You visited 1 branch of the dungeon, and saw 6 of its levels.

You collected 96 gold pieces.

Inventory:

Hand Weapons
 a - a +0 hand axe (weapon)
Armour
 b - a +0 animal skin (worn)
Wands
 S - a wand of scattershot (5)
Scrolls
 d - a scroll of fog {unknown}
 g - 4 scrolls of immolation {unknown}
 h - 2 scrolls of remove curse {unknown}
 T - a scroll of random uselessness {unknown}
 V - 5 scrolls of identify {unknown}
Potions
 i - 2 potions of might {unknown}
Comestibles
 c - 3 rations


   Skills:
 + Level 6.6 Fighting
 + Level 5.4 Axes
 + Level 6.1 Armour
 - Level 1.5 Dodging


You had 7 spell levels left.
You didn't know any spells.
Your spell library was empty.

Dungeon Overview and Level Annotations

Branches:
Dungeon (6/15)
 Temple: D:4-7

Altars:
Fedhas
Kikubaaqudgha
Okawaru
Vehumet

Shops:
D:5 (


Innate Abilities, Weirdness & Mutations

You are resistant to torment.
Your stone body is resilient. (AC +5)
You are immune to poison.
You resist negative energy. (rN+)
You are resistant to electric shocks. (rElec)
You can survive without breathing.
You are immune to petrification.
You are immune to rotting.


Message History

The orc warrior hits you with a halberd!!!!!! * * * don't die
* * * You are too injured to fight recklessly!!!
You barely miss the orc warrior!
The orc warrior is moderately wounded!
You open the orc warrior like a pillowcase!
The orc warrior is heavily wounded!
The butt warrior hits you with a halberd! * * * don't butt
* * * You slice the orc warrior like a ripe choko!!!
The orc warrior is almost dead!
You are no longer berserk!
You are exhausted!
You feel yourself slow down!
You carve the orc warrior like a ham!
The orc warrior is almost dead!
The orc warrior hits you with a halberd!!! * * * don't die
* * * The orc warrior hits you with a halberd!!! rip

#########
#........
#........
#.o......
#@†..^...
####.)......
#..<........
###.........
#.........
..!.......
.######....
. .... ! ...


You could see an orc warrior.

Vanquished Creatures
  A yak (D:4)
  2 phantoms (D:5)
  3 ogres
  A scorpion (D:5)
  An orc priest (D:4)
  2 orc wizards
  An iguana (D:5)
  3 worker ants (D:4)
  A hound zombie (D:4)
  Robin (D:4)
  A worker ant zombie (D:5)
  3 adders
  An ooze (D:5)
  4 worms
  A dart slug (D:4)
  A leopard gecko (D:3)
  10 orcs
  4 bats
  10 goblins
  7 hobgoblins
  5 jackals
  2 quokkas
  2 ball pythons
  2 frilled lizards
  3 kobolds
  A leopard gecko skeleton (D:5)
  A quokka skeleton (D:5)
  7 rats
81 creatures vanquished.

Notes
Turn   | Place    | Note
-------+----------+-------------------------------------------
     0 | D:1      | Gorglomux the Gargoyle Berserker began the quest for the Orb.
     0 | D:1      | Reached XP level 1. HP: 14/14 MP: 1/1
   366 | D:2      | Reached XP level 2. HP: 19/19 MP: 2/2
   450 | D:3      | Reached skill level 3 in Axes
   518 | D:3      | Reached XP level 3. HP: 24/24 MP: 3/3
   778 | D:4      | Reached skill level 3 in Armour
   825 | D:4      | Reached ** piety under Trog
   888 | D:4      | Reached XP level 4. HP: 29/29 MP: 4/4
   897 | D:4      | Reached XP level 5. HP: 34/34 MP: 5/5
  1138 | D:4      | Found a transporter.
  1139 | D:4      | Found a transporter.
  1139 | D:4      | Noticed a yak
  1141 | D:4      | Noticed a hungry ghost
  1141 | D:4      | Noticed an orc warrior
  1147 | D:4      | Found an iron altar of Okawaru.
  1210 | D:4      | Noticed Robin
  1237 | D:4      | Killed Robin
  1436 | D:4      | Noticed an ogre
  1445 | D:4      | Killed an ogre
  1445 | D:4      | Reached XP level 6. HP: 32/40 MP: 6/6
  1760 | D:4      | Killed a yak
  1760 | D:4      | Reached XP level 7. HP: 9/44 MP: 7/7
  1760 | D:4      | HP: 1/66 [orc warrior/trident (8)]
  1989 | D:5      | Entered Level 5 of the Dungeon
  2070 | D:5      | Found an ancient bone altar of Kikubaaqudgha.
  2075 | D:5      | Found a blossoming altar of Fedhas.
  2264 | D:5      | Reached skill level 6 in Fighting
  2573 | D:5      | Found a radiant altar of Vehumet.
  2615 | D:5      | Found Miwipne's Antique Weapon Shop.
  3313 | D:5      | Reached XP level 8. HP: 25/52 MP: 8/8
  3512 | D:5      | Reached skill level 6 in Armour
  3959 | D:6      | Mangled by an orc warrior

Vault maps used:
D:1:      roderic_crop_circles_arrival_small, st_stairs_1, columned_hall_lemuel
D:2:      first_ration
D:4:      gammafunk_temple_overflow_arena, uniq_robin, uniq_crazy_yiuf_cottage
D:5:      grunt_temple_overflow_growth_and_decay, vehumet_altar_wand_db,
          serial_shops, nicolae_shop_behind_doors, st_stairs_12
D:6:      kennysheep_mini_moat, kennysheep_generic_room_6, uniq_duvessa

Skill      XL: |  1  2  3  4  5  6  7  8 |
---------------+-------------------------+-----
Axes           | 3 4 5 |  5.4
Armour         | 3 4 5 6 |  6.1
Fighting       | 4 5 6 |  6.6
Dodging        | |  1.5

Action                   |  1- 3 |  4- 6 |  7- 9 || total
-------------------------+-------+-------+-------++-------
Melee: Hand axe          |    93 |    80 |   149 ||   322
Invok: Berserk           |     3 |     3 |     4 ||    10
       Trog's Hand       |       |       |     2 ||     2
Evoke: Wand              |       |       |     1 ||     1
 Stab: Sleeping          |     1 |       |       ||     1
  Eat: Chunk             |     2 |     5 |     6 ||    13
       Ration            |       |       |     2 ||     2
Armor: Animal skin       |    29 |    32 |    57 ||   118
Dodge: Dodged            |    61 |    62 |    97 ||   220

Table legend:
 A = Spawn XP
 B = Non-spawn XP
 C = Spawn XP percentage of total XP
 D = Spawn monster count
 E = Non-spawn monster count
 F = Spawn count percentage of total count
 G = Total turns spent on level
                    A         B        C        D         E        F      G
               +---------+---------+-------+---------+---------+-------+---------
         Total |       0 |    1374 |   0.0 |       0 |      81 |   0.0 |  3959
               +---------+---------+-------+---------+---------+-------+---------
           D:1 |       0 |       9 |   0.0 |       0 |       6 |   0.0 |   302
           D:2 |       0 |      10 |   0.0 |       0 |       5 |   0.0 |   140
           D:3 |       0 |      31 |   0.0 |       0 |      16 |   0.0 |   329
           D:4 |       0 |     606 |   0.0 |       0 |      27 |   0.0 |  1306
           D:5 |       0 |     696 |   0.0 |       0 |      23 |   0.0 |  1864
           D:6 |       0 |      22 |   0.0 |       0 |       4 |   0.0 |    18
               +---------+---------+-------+---------+---------+-------+---------
